Zazza, neutral female human Tourist --------------- ----- |.............| ------ ####....| #########################` b###-....<........| |....| # |.{>-######### |.............| |....| ######....| # -.--.---------- |....| # |...-##############------ ## #### |.....## #-...| ##`#......################# # ----.- #-.-.- ####|....| ## ### ### # ### ##` ##|....-######### #### # # ### # ##.....| # # # ### ## # # #------ ### # ### # -.---- ### # ################## # # --.---- |.....# # # `### -.----`## |.....| |....|### # #### |....| # |....[| |.....### ----%--- ###.....| ##-.....| |....| # |......| ###|....| ------- ------ ###|>.....| #.....| #.......| ------ -------- Zazza the Rambler Experience level: 1 Strength: 12 Dexterity: 11 Constitution: 16 Intelligence: 10 Wisdom: 9 Charisma: 17 Health: 0(10) Energy: 2(2) Def: 4 Gold: 73 Moves: 1376 Dungeon seed: qSFPcxoKetIUfFRI Game ID: Zazza_1536676543 Your Inventory: Coins $ - 73 gold pieces Weapons a - 40 +2 darts (in quiver) o - a +0 scimitar (weapon in hand) Armor e - an uncursed +0 Hawaiian shirt (being worn) q - an uncursed +0 pair of elven boots (being worn) r - an uncursed +0 cloak of protection (being worn) Comestibles b - an uncursed cream pie d - an uncursed clove of garlic f - 2 uncursed tripe rations g - 2 uncursed bananas h - 4 uncursed food rations i - an uncursed pancake Scrolls l - 4 uncursed scrolls of magic mapping p - an uncursed scroll of light s - an uncursed scroll of identify Potions j - a blessed potion of extra healing k - an uncursed potion of extra healing Rings t - an uncursed ring of invisibility (on left hand) v - an uncursed ring of searching (on right hand) Tools m - an expensive camera (0:48) n - an uncursed credit card u - an uncursed oil lamp (0:1261) Spells and supernatural/magical abilities: Name Level Category Fail Memory W - pray for help -- divine ? -- Your skills at the end: Fighting Skills Weapon Skills dart [Basic] Spellcasting Skills Final Attributes: You were aligned. You had automatic searching. You were invisible. You were stealthy. You were protected. You are dead. Vanquished creatures: a yellow mold a gecko a jackal a fox 2 goblins 2 grid bugs a bat a lichen a kobold zombie a newt 12 creatures vanquished. Voluntary challenges: You were an atheist. You used a wielded weapon 9 times, starting on turn 595. You were illiterate. You never genocided any monsters. You never polymorphed an object. You never changed form. You used no wishes. You never split a pudding. You never wrote Elbereth's name. You never violated your personal moral code. Dungeon overview: The Dungeons of Doom: levels 1 to 4 Level 1 some fountains a long staircase Level 2 an armor shop, some fountains Level 3 a fountain Level 4 <- You were here a fountain a long staircase History has recorded: On T:1 you entered the Dungeons of Doom to retrieve the Amulet of Yendor! On T:347 you reached level 2 of The Dungeons of Doom. On T:557 you reached level 3 of The Dungeons of Doom. On T:921 you reached level 4 of The Dungeons of Doom. Score breakdown: Gold: 71 ( 6318 points) Experience: 1 level ( 0 points) Exploration: 4 levels ( 8.33%) ( 7579 points) Discoveries: 3 items ( 1.01%) ( 3010 points) Valuables value: (no points given unless you survive) Artifact value: 0 ( 0 points) Variety of kills: 10 monsters ( 2.62%) ( 4860 points) Turncount: 1376 turns ( 0 points) Survival: died (score multiplied by 80%) Total score: 17413 Latest messages: You succeed in picking the lock. The door opens. You displace Armand. You miss it. You displace Armand. Armand bites the yellow mold. The yellow mold is killed! You displace Armand. There is a doorway here. You see here a yellow mold corpse. The door resists! (2x) The door opens. You displace Armand. You stop. Armand is in the way! (2x) You miss it. The acid blob bumps right into you! You miss it. (2x) You hit it. You are splashed! You hit it. You are splashed! You die... Final status: Aloha Zazza the Tourist, killed by an acid blob... You died in The Dungeons of Doom on dungeon level 4 with 17413 points, and 73 pieces of gold, after 1376 moves. You were level 1 with a maximum of 10 hit points when you died.